| TOP OF THE 1ST |
|
Cleveland Indians batting - Pitching for Houston Astros : RHP Paul Schwartz
|
|
Pitching: RHP Paul Schwartz
|
|
|
Batting: RHB Alex Rodriguez Jr.
|
0-0: Bunt missed! 0-1: Ball 1-1: Ball 2-1: Foul Ball, location: 2F 2-2: Foul Ball, location: 2F 2-2: Strikes out swinging
|
|
Batting: LHB Hector Pedroso
|
0-0: Ball 1-0: SINGLE (Groundball, 4D, EV 110.0 MPH)
|
|
Batting: RHB Nick Ogle
|
0-0: Grounds into double play, 4-6-3 (Groundball, 34, EV 87.5 MPH)
|
| Top of the 1st over - 0 runs, 1 hit, 0 errors, 0 left on base; Cleveland 0 - Houston 0 |
| BOTTOM OF THE 1ST |
|
Houston Astros batting - Pitching for Cleveland Indians : RHP Drew Rickelman
|
|
Pitching: RHP Drew Rickelman
|
|
|
Batting: RHB Matt Thompson
|
0-0: Foul Ball, location: 2F 0-1: Ball 1-1: Ball 2-1: Foul Ball, location: 2F 2-2: Foul Ball, location: 2F 2-2: Foul Ball, location: 2F 2-2: Foul Ball, location: 2F 2-2: Strikes out swinging
|
|
Batting: LHB Bryce Hill
|
0-0: Called Strike 0-1: Called Strike 0-2: Ball 1-2: Strikes out swinging
|
|
Batting: RHB Chris Lane
|
0-0: Ball 1-0: Fly out, F8 (Flyball, 8RM, EV 80.6 MPH)
|
| Bottom of the 1st over - 0 runs, 0 hits, 0 errors, 0 left on base; Cleveland 0 - Houston 0 |
| TOP OF THE 2ND |
|
Cleveland Indians batting - Pitching for Houston Astros : RHP Paul Schwartz
|
|
Batting: LHB Danny Dunham
|
0-0: Ball 1-0: Fly out, F8 (Flyball, 8LD, EV 96.9 MPH)
|
|
Batting: LHB Arvin Dungca
|
0-0: Ball 1-0: Called Strike 1-1: Ball 2-1: Ground out 4-3 (Groundball, 4M, EV 81.2 MPH)
|
|
Batting: LHB Kyle Schaible
|
0-0: Ball 1-0: Ball 2-0: Ball 3-0: Base on Balls
|
|
Batting: RHB Tommy Baird
|
0-0: Swinging Strike 0-1: Ground out 4-3 (Groundball, 4, EV 90.0 MPH)
|
| Top of the 2nd over - 0 runs, 0 hits, 0 errors, 1 left on base; Cleveland 0 - Houston 0 |
| BOTTOM OF THE 2ND |
|
Houston Astros batting - Pitching for Cleveland Indians : RHP Drew Rickelman
|
|
Batting: LHB Shigeru Ono
|
0-0: Swinging Strike 0-1: Called Strike 0-2: Ball 1-2: Ball 2-2: Strikes out swinging
|
|
Batting: SHB Joe Gardner
|
0-0: Called Strike 0-1: Ground out U3 (Groundball, 3S, EV 68.1 MPH)
|
|
Batting: RHB Josh Froyd
|
0-0: Ball 1-0: SINGLE (Groundball, 13S, EV 65.6 MPH) (infield hit)
|
|
Batting: SHB Troy Kenyon
|
0-0: Ball 1-0: Swinging Strike 1-1: Swinging Strike 1-2: Ball 2-2: Foul Ball, location: 2F 2-2: Ball 3-2: Base on Balls Josh Froyd to second
|
|
Batting: RHB Antonio Aranda
|
0-0: Fly out, F7 (Flyball, 7, EV 80.6 MPH)
|
| Bottom of the 2nd over - 0 runs, 1 hit, 0 errors, 2 left on base; Cleveland 0 - Houston 0 |
| TOP OF THE 3RD |
|
Cleveland Indians batting - Pitching for Houston Astros : RHP Paul Schwartz
|
|
Batting: SHB Merrick Geter
|
0-0: Ball 1-0: Ball 2-0: Ball 3-0: Base on Balls
|
|
Batting: SHB Billy Durham
|
0-0: Ball 1-0: Ball 2-0: Foul Ball, location: 2F 2-1: Swinging Strike 2-2: Strikes out looking
|
|
Batting: RHB Alex Rodriguez Jr.
|
0-0: Ball 1-0: Called Strike 1-1: Ball 2-1: Grounds into double play, 6-4-3 (Groundball, 6, EV 100.0 MPH)
|
| Top of the 3rd over - 0 runs, 0 hits, 0 errors, 0 left on base; Cleveland 0 - Houston 0 |
| BOTTOM OF THE 3RD |
|
Houston Astros batting - Pitching for Cleveland Indians : RHP Drew Rickelman
|
|
Batting: RHB Chang-wei Jiang
|
0-0: Ball 1-0: Foul Ball, location: 2F 1-1: Ground out 5-3 (Groundball, 56S, EV 80.0 MPH)
|
|
Batting: RHB Matt Thompson
|
0-0: Called Strike 0-1: Ground out 5-3 (Groundball, 56S, EV 88.1 MPH)
|
|
Batting: LHB Bryce Hill
|
0-0: Ball 1-0: Foul Ball, location: 2F 1-1: Ball 2-1: Ball 3-1: Swinging Strike 3-2: Foul Ball, location: 2F 3-2: Fly out, F7 (Flyball, 7, EV 85.0 MPH)
|
| Bottom of the 3rd over - 0 runs, 0 hits, 0 errors, 0 left on base; Cleveland 0 - Houston 0 |
| TOP OF THE 4TH |
|
Cleveland Indians batting - Pitching for Houston Astros : RHP Paul Schwartz
|
|
Batting: LHB Hector Pedroso
|
0-0: Ball 1-0: Ball 2-0: Called Strike 2-1: Swinging Strike 2-2: Strikes out swinging, 2-3 out at first.
|
|
Batting: RHB Nick Ogle
|
0-0: Called Strike 0-1: Called Strike 0-2: DOUBLE (Line Drive, 3D, EV 107.5 MPH)
|
|
Batting: LHB Danny Dunham
|
0-0: Ball 1-0: Ball 2-0: Ball 3-0: Called Strike 3-1: Called Strike 3-2: Base on Balls
|
|
Batting: LHB Arvin Dungca
|
0-0: Fly out, F9 (Flyball, 89M, EV 83.8 MPH)
|
|
Batting: LHB Kyle Schaible
|
0-0: Ball 1-0: Ball 2-0: Ball 3-0: Base on Balls Nick Ogle to third Danny Dunham to second
|
|
Batting: RHB Tommy Baird
|
0-0: Foul Ball, location: 2F 0-1: Ball 1-1: Swinging Strike 1-2: Ball 2-2: Fly out, F9 (Line Drive, 9LM, EV 99.4 MPH)
|
| Top of the 4th over - 0 runs, 1 hit, 0 errors, 3 left on base; Cleveland 0 - Houston 0 |
| BOTTOM OF THE 4TH |
|
Houston Astros batting - Pitching for Cleveland Indians : RHP Drew Rickelman
|
|
Batting: RHB Chris Lane
|
0-0: SOLO HOME RUN (Line Drive, 7LD, EV 101.9 MPH), Distance : 372 ft
|
|
Batting: LHB Shigeru Ono
|
0-0: Ball 1-0: Foul Ball, location: 2F 1-1: Ball 2-1: SINGLE (Line Drive, 78S, EV 106.9 MPH)
|
|
Batting: SHB Joe Gardner
|
0-0: Ball 1-0: Called Strike 1-1: Ball 2-1: Ball 3-1: Fly out, F9 (Flyball, 9, EV 88.8 MPH)
|
|
Batting: RHB Josh Froyd
|
0-0: Hit by Pitch Shigeru Ono to second
|
|
Batting: SHB Troy Kenyon
|
0-0: Ball 1-0: Ball 2-0: Ball 3-0: Base on Balls Shigeru Ono to third Josh Froyd to second
|
|
Batting: RHB Antonio Aranda
|
0-0: Called Strike 0-1: Ball 1-1: Ball 2-1: Foul Ball, location: 2F 2-2: Foul Ball, location: 2F 2-2: Ball 3-2: Fly out, F8 (Flyball, 89M, EV 91.2 MPH) Runner from 3rd tags up, SCORES, throw by CF
|
|
Batting: RHB Chang-wei Jiang
|
0-0: Ground out 4-3 (Groundball, 4, EV 87.5 MPH)
|
| Bottom of the 4th over - 2 runs, 2 hits, 0 errors, 2 left on base; Cleveland 0 - Houston 2 |
| TOP OF THE 5TH |
|
Cleveland Indians batting - Pitching for Houston Astros : RHP Paul Schwartz
|
|
Batting: SHB Merrick Geter
|
0-0: Called Strike 0-1: SINGLE (Line Drive, 9S, EV 101.2 MPH)
|
|
Batting: SHB Billy Durham
|
0-0: Foul Ball, location: 2F 0-1: Foul Ball, location: 2F 0-2: Ball 1-2: Foul Ball, location: 2F 1-2: Foul Ball, location: 2F 1-2: Strikes out looking
|
|
Batting: RHB Alex Rodriguez Jr.
|
0-0: Called Strike Merrick Geter steals 2nd base (no throw) 0-1: SINGLE (Groundball, 6M, EV 100.6 MPH) Merrick Geter to third Runner from 3rd tries for Home, SAFE, throw by CF to home
|
|
Batting: LHB Hector Pedroso
|
0-0: Called Strike Alex Rodriguez Jr. steals 2nd base 0-1: Ball 1-1: Ball 2-1: Ball 3-1: Base on Balls
|
|
Batting: RHB Nick Ogle
|
0-0: Ball 1-0: Foul Ball, location: 2F 1-1: Fly out, F5 (Flyball, 5D, EV 86.9 MPH)
|
|
Batting: LHB Danny Dunham
|
0-0: Fly out, F5 (Popup, 25F, EV 81.9 MPH)
|
| Top of the 5th over - 1 run, 2 hits, 0 errors, 2 left on base; Cleveland 1 - Houston 2 |
| BOTTOM OF THE 5TH |
|
Houston Astros batting - Pitching for Cleveland Indians : RHP Drew Rickelman
|
|
Batting: RHB Matt Thompson
|
0-0: Ball 1-0: Ball 2-0: Ball 3-0: Called Strike 3-1: Foul Ball, location: 2F 3-2: Base on Balls
|
|
Batting: LHB Bryce Hill
|
0-0: Fly out, F7 (Flyball, 7LSF, EV 83.1 MPH)
|
|
Batting: RHB Chris Lane
|
0-0: Ball 1-0: Called Strike 1-1: Ball 2-1: Ball 3-1: Base on Balls Matt Thompson to second
|
|
Batting: LHB Shigeru Ono
|
0-0: SINGLE (Flyball, 78S, EV 94.4 MPH) Matt Thompson to third Chris Lane to second Runner from 3rd tries for Home, SAFE, throw by LF to home
|
|
Batting: SHB Joe Gardner
|
0-0: Called Strike 0-1: Foul Ball, location: 2F 0-2: Foul Ball, location: 2F 0-2: Strikes out looking
|
|
Batting: RHB Josh Froyd
|
0-0: Ball 1-0: Swinging Strike 1-1: Called Strike 1-2: Foul Ball, location: 2F 1-2: Strikes out swinging
|
| Bottom of the 5th over - 1 run, 1 hit, 0 errors, 2 left on base; Cleveland 1 - Houston 3 |
| TOP OF THE 6TH |
|
Cleveland Indians batting - Pitching for Houston Astros : RHP Paul Schwartz
|
|
Batting: LHB Arvin Dungca
|
0-0: Ball 1-0: Foul Ball, location: 2F 1-1: Fly out, F5 (Popup, 25F, EV 75.6 MPH)
|
|
Batting: LHB Kyle Schaible
|
0-0: Foul Ball, location: 2F 0-1: Ball 1-1: Ball 2-1: Ball 3-1: Foul Ball, location: 2F 3-2: Foul Ball, location: 2F 3-2: Hit by Pitch
|
|
Batting: RHB Tommy Baird
|
0-0: Swinging Strike 0-1: Ball 1-1: Ball 2-1: Foul Ball, location: 2F 2-2: Strikes out swinging
|
|
Batting: SHB Merrick Geter
|
0-0: Called Strike 0-1: Called Strike 0-2: Ball 1-2: Strikes out swinging
|
| Top of the 6th over - 0 runs, 0 hits, 0 errors, 1 left on base; Cleveland 1 - Houston 3 |
| BOTTOM OF THE 6TH |
|
Houston Astros batting - Pitching for Cleveland Indians : RHP Drew Rickelman
|
|
Batting: SHB Troy Kenyon
|
0-0: Ball 1-0: Ground out 4-3 (Groundball, 4, EV 83.8 MPH)
|
|
Batting: RHB Antonio Aranda
|
0-0: Fly out, F8 (Flyball, 8LS, EV 91.9 MPH)
|
|
Batting: RHB Chang-wei Jiang
|
0-0: Ball 1-0: Foul Ball, location: 2F 1-1: Ball 2-1: DOUBLE (Line Drive, 7LM, EV 100.0 MPH)
|
|
Batting: RHB Matt Thompson
|
0-0: Called Strike 0-1: Foul Ball, location: 2F 0-2: Fly out, F6 (Line Drive, 6M, EV 80.6 MPH)
|
| Bottom of the 6th over - 0 runs, 1 hit, 0 errors, 1 left on base; Cleveland 1 - Houston 3 |
| TOP OF THE 7TH |
|
Cleveland Indians batting - Pitching for Houston Astros : RHP Paul Schwartz
|
|
Batting: SHB Billy Durham
|
0-0: Ball 1-0: Called Strike 1-1: Foul Ball, location: 2F 1-2: Strikes out looking
|
|
Batting: RHB Alex Rodriguez Jr.
|
0-0: Called Strike 0-1: Ground out U3 (Groundball, 3L, EV 98.1 MPH)
|
|
Batting: LHB Hector Pedroso
|
0-0: Ball 1-0: Foul Ball, location: 2F 1-1: Foul Ball, location: 2F 1-2: Foul Ball, location: 2F 1-2: Foul Ball, location: 2F 1-2: Ball 2-2: Foul Ball, location: 2F 2-2: Foul Ball, location: 2F 2-2: Ground out U3 (Groundball, 3L, EV 105.0 MPH)
|
| Top of the 7th over - 0 runs, 0 hits, 0 errors, 0 left on base; Cleveland 1 - Houston 3 |
| BOTTOM OF THE 7TH |
|
Houston Astros batting - Pitching for Cleveland Indians : RHP Drew Rickelman
|
|
Batting: LHB Bryce Hill
|
0-0: Ball 1-0: TRIPLE (Groundball, 3L, EV 95.0 MPH)
|
|
Pitching: RHP Jon Huizenga
|
|
|
Batting: RHB Chris Lane
|
0-0: Fly out, F8 (Flyball, 8RD, EV 85.0 MPH) Runner from 3rd tags up, OUT at HOME! 8-2
|
|
Batting: LHB Shigeru Ono
|
0-0: Fly out, F8 (Flyball, 8RD, EV 108.8 MPH)
|
| Bottom of the 7th over - 0 runs, 1 hit, 0 errors, 0 left on base; Cleveland 1 - Houston 3 |
| TOP OF THE 8TH |
|
Cleveland Indians batting - Pitching for Houston Astros : RHP Paul Schwartz
|
|
Pitching: RHP Casey Truax
|
|
|
Batting: RHB Nick Ogle
|
0-0: Called Strike 0-1: Fly out, F8 (Flyball, 89XD, EV 107.5 MPH)
|
|
Batting: LHB Danny Dunham
|
0-0: Swinging Strike 0-1: SINGLE (Groundball, 4MD, EV 101.9 MPH)
|
|
Batting: LHB Arvin Dungca
|
0-0: Ball 1-0: Called Strike 1-1: Ball 2-1: Ball 3-1: Base on Balls Danny Dunham to second
|
|
Pinch Runner at 2nd Edwin Madrid:
|
|
|
Batting: LHB Kyle Schaible
|
0-0: Ball 1-0: Swinging Strike 1-1: Swinging Strike 1-2: Ball 2-2: Hit by Pitch Edwin Madrid to third Arvin Dungca to second
|
|
Pinch Hitting: LHB Stu Sornson
|
0-0: Ball 1-0: Foul Ball, location: 2F 1-1: Ball 2-1: Ball 3-1: Base on Balls Edwin Madrid scores Arvin Dungca to third Kyle Schaible to second
|
|
Batting: SHB Merrick Geter
|
0-0: Called Strike 0-1: Ball 1-1: Swinging Strike 1-2: SINGLE (Line Drive, 9S, EV 98.8 MPH) Arvin Dungca scores Kyle Schaible to third Stu Sornson to second
|
|
Batting: SHB Billy Durham
|
0-0: Foul Ball, location: 2F 0-1: Foul Ball, location: 2F 0-2: Foul Ball, location: 2F 0-2: Foul Ball, location: 2F 0-2: Strikes out looking
|
|
Pitching: RHP Aaron Shapiro
|
|
|
Batting: RHB Alex Rodriguez Jr.
|
0-0: Called Strike 0-1: Ground out 4-3 (Groundball, 4, EV 82.5 MPH)
|
| Top of the 8th over - 2 runs, 2 hits, 0 errors, 3 left on base; Cleveland 3 - Houston 3 |
| BOTTOM OF THE 8TH |
|
Houston Astros batting - Pitching for Cleveland Indians : RHP Jon Huizenga
|
|
Now in CF: Stu Sornson
|
|
|
Batting: SHB Joe Gardner
|
0-0: Hit by Pitch
|
|
Batting: RHB Josh Froyd
|
0-0: Called Strike 0-1: Called Strike 0-2: Ball 1-2: Ball 2-2: Foul Ball, location: 2F 2-2: Ball 3-2: SINGLE (Groundball, 4D, EV 96.2 MPH) Joe Gardner to second Runner from 2nd tries for 3rd, SAFE, throw by CF made to third Josh Froyd to second
|
|
Batting: SHB Troy Kenyon
|
0-0: Ball 1-0: Foul Ball, location: 2F 1-1: Ball 2-1: Ball 3-1: Base on Balls
|
|
Batting: RHB Antonio Aranda
|
0-0: Ball 1-0: Ball 2-0: Ball 3-0: Foul Ball, location: 2F 3-1: Called Strike 3-2: Foul Ball, location: 2F 3-2: SINGLE (Groundball, 6MD, EV 103.8 MPH) Joe Gardner scores Josh Froyd to third Troy Kenyon to second Runner from 3rd tries for Home, SAFE, throw by CF to home
|
|
Pitching: RHP Apostolos Tsatsos
|
|
|
Batting: RHB Chang-wei Jiang
|
0-0: Called Strike 0-1: Ball 1-1: SINGLE (Groundball, 56D, EV 98.1 MPH) Troy Kenyon to third Antonio Aranda to second
|
|
Batting: RHB Matt Thompson
|
0-0: Ball 1-0: Ball 2-0: Foul Ball, location: 2F 2-1: Foul Ball, location: 2F 2-2: Ball 3-2: Strikes out swinging
|
|
Batting: LHB Bryce Hill
|
0-0: Swinging Strike 0-1: Ball 1-1: Swinging Strike 1-2: Foul Ball, location: 2F 1-2: Foul Ball, location: 2F 1-2: Strikes out swinging
|
|
Batting: RHB Chris Lane
|
0-0: Ball 1-0: Swinging Strike 1-1: Ball 2-1: Ball 3-1: Called Strike 3-2: Strikes out looking
|
| Bottom of the 8th over - 2 runs, 3 hits, 0 errors, 3 left on base; Cleveland 3 - Houston 5 |
| TOP OF THE 9TH |
|
Cleveland Indians batting - Pitching for Houston Astros : RHP Aaron Shapiro
|
|
Pitching: RHP Kyle McPeak
|
|
|
Batting: LHB Hector Pedroso
|
0-0: Called Strike 0-1: Swinging Strike 0-2: Strikes out swinging
|
|
Batting: RHB Nick Ogle
|
0-0: Foul Ball, location: 2F 0-1: Ball 1-1: Swinging Strike 1-2: SINGLE (Groundball, 56D, EV 105.6 MPH)
|
|
Batting: RHB Edwin Madrid
|
0-0: Ball 1-0: Foul Ball, location: 2F 1-1: Ball 2-1: Swinging Strike 2-2: Foul Ball, location: 2F 2-2: Foul Ball, location: 2F 2-2: Grounds into double play, 5-4-3 (Groundball, 56, EV 90.6 MPH)
|
| Top of the 9th over - 0 runs, 1 hit, 0 errors, 0 left on base; Cleveland 3 - Houston 5 |
|